 Dungeon Crawl Stone Soup version 0.31.0-7-gf635a9b802 (webtiles) character file.

Game seed: 3067600454247076543

123 zenocrate the Sneak (level 5, -1/24 HPs)
             Began as a Vine Stalker Enchanter on Jan 24, 2024.
             Slain by Crazy Yiuf
             ... wielding a +2 quarterstaff of chaos
              (5 damage)
             ... on level 3 of the Dungeon.
             The game lasted 00:02:40 (2598 turns).

zenocrate the Sneak (Vine Stalker Enchanter)        Turns: 2598, Time: 00:02:40

Health: -1/24      AC:  4    Str: 11    XL:     5   Next: 7%
Magic:  0/9        EV: 12    Int: 15    God:
Gold:   167        SH:  0    Dex: 16    Spells: 0/8 levels left

rFire   + . .        b - +3 dagger
rCold   + . .        (no shield)
rNeg    . . .        l - +0 robe
rPois   .            (no helmet)
rElec   .            d - scarf {rC+ rF+}
rCorr   .            o - +0 pair of gloves
SInv    .            s - +0 pair of boots
Will    .....        r - amulet of magic regeneration
Stlth   +++          (no ring)
HPRegen 1.04/turn    (no ring)
MPRegen 0.51/turn

%: guardian spirit
@: no status effects
A: fangs 2, regeneration 1, magic shield, antimagic bite, no potion heal 2
a: no special abilities


You were on level 3 of the Dungeon.
You visited 1 branch of the dungeon, and saw 3 of its levels.

You collected 167 gold pieces.

Inventory:

Hand Weapons
 a - a +1 dagger
 b - a +3 dagger (weapon)
Armour
 d - a scarf of resistance (worn)
 l - a +0 robe (worn)
 o - a +0 pair of gloves (worn)
 s - a +0 pair of boots (worn)
Jewellery
 r - an amulet of magic regeneration (around neck)
Scrolls
 e - a scroll of poison {unknown}
 f - 2 scrolls of revelation
 h - 2 scrolls of identify {unknown}
 i - a scroll of teleportation {unknown}
 m - a scroll of immolation {unknown}
 p - a scroll of amnesia {unknown}
 q - a scroll of fog {unknown}
Potions
 c - 2 potions of invisibility
 g - a potion of haste {unknown}
 j - 3 potions of heal wounds {unknown}
 k - 2 potions of attraction {unknown}
 n - 2 potions of berserk rage {unknown}
 t - a potion of brilliance {unknown}
 u - 2 potions of curing {unknown}


   Skills:
 + Level 1.9 Short Blades
 + Level 2.3 Dodging
 + Level 4.3 Stealth
 - Level 2.1 Spellcasting
 + Level 3.5 Hexes
 * Level 2.2 Ice Magic


You couldn't memorise any spells.
You knew the following spells:

 Your Spells              Type           Power      Damage    Failure   Level
a - Ensorcelled Hibernat  Hex/Ice        20%        N/A       11%         2
b - Confusing Touch       Hex            12%        N/A       16%         3
c - Tukima's Dance        Hex            12%        N/A       16%         3

Your spell library contained the following spells:

 Spells                   Type           Power      Damage    Failure   Level
 Shock                    Conj/Air       4%         1d3       22%         1
 Lesser Beckoning         Tloc           2%         N/A       32%         2
 Dazzling Flash           Conj/Hex       12%        N/A       32%         3
 Gell's Gravitas          Tloc           1%         N/A       54%         3
 Swiftness                Air            1%         N/A       54%         3
 Teleport Other           Tloc           1%         N/A       54%         3
 Airstrike                Air            0%         2d(1-17)  91%         4


Dungeon Overview and Level Annotations

Branches:
Dungeon (3/15)

Altars:

Shops:
D:3 !

Annotations:
D:3 3 runed translucent doors, Crazy Yiuf; coolio's ghost, amateur DsFi


Innate Abilities, Weirdness & Mutations

You have extremely sharp teeth.
Your natural rate of healing is unusually fast.
When hurt, damage is shared between your health and your magic reserves.
Your bite disrupts and absorbs the magic of your enemies.
Potions cannot restore your health.


Message History

There is a stone staircase leading up here.
You open the door.
Casting: Ensorcelled Hibernation (safe; 11% risk of failure)
Confirm with . or Enter, or press ? or * to list all spells.
Aiming: Ensorcelled Hibernation (safe; 11% risk of failure)
Press: ? - help, Shift-Dir - straight line, f - Crazy Yiuf
Aim: Crazy Yiuf, wielding a +2 quarterstaff of chaos and wearing a +2 cloak of willpower (wandering, hasn't noticed you, chance to affect: 20%) Crazy Yiuf shouts!
Crazy Yiuf resists with almost no effort.
Casting: Ensorcelled Hibernation (safe; 11% risk of failure)
Confirm with . or Enter, or press ? or * to list all spells.
Aiming: Ensorcelled Hibernation (safe; 11% risk of failure)
Press: ? - help, Shift-Dir - straight line, f/p - Crazy Yiuf
Aim: Crazy Yiuf, wielding a +2 quarterstaff of chaos and wearing a +2 cloak of willpower (chance to affect: 20%) Crazy Yiuf resists with almost no effort.
Casting: Ensorcelled Hibernation (safe; 11% risk of failure)
Confirm with . or Enter, or press ? or * to list all spells.
Aiming: Ensorcelled Hibernation (safe; 11% risk of failure)
Press: ? - help, Shift-Dir - straight line, f/p - Crazy Yiuf
Aim: Crazy Yiuf, wielding a +2 quarterstaff of chaos and wearing a +2 cloak of willpower (chance to affect: 20%) Crazy Yiuf resists with almost no effort.
Crazy Yiuf hits you with a +2 quarterstaff of chaos!
Casting: Ensorcelled Hibernation (safe; 11% risk of failure)
Confirm with . or Enter, or press ? or * to list all spells.
Aiming: Ensorcelled Hibernation (safe; 11% risk of failure)
Press: ? - help, Shift-Dir - straight line, f/p - Crazy Yiuf
Aim: Crazy Yiuf, wielding a +2 quarterstaff of chaos and wearing a +2 cloak of willpower (chance to affect: 20%) Crazy Yiuf resists with almost no effort.
Crazy Yiuf grits, "Pitchfork!
Goober high cloud."
Crazy Yiuf hits you with a +2 quarterstaff of chaos.
Crazy Yiuf burns you.
You hit Crazy Yiuf but do no damage.
Crazy Yiuf hits you with a +2 quarterstaff of chaos!
* * * LOW HITPOINT WARNING * * *
Unknown command.
Unknown command.
You hit Crazy Yiuf.
Crazy Yiuf is lightly wounded.
Crazy Yiuf hits you with a +2 quarterstaff of chaos.
You die...

####### ......#
#####.## .......#
#####..# #..#
♣♣♣♣♣##### #..#
### ♣♣♣.♣...+..#
# #..###
#...#♣..♣.PP....#
#####....#
#...g@♣♣♣♣.P....#
.........#
#)..#♣♣ ♣♣P.+..#
#####..### ###
♣♣##..# #.## #.##
# #.# #.# # #.#
######### ### #.#
# #.# #.......#
#.####.# # #.#
#.#######
#......# # #.#
#.# #.######


You could see Crazy Yiuf.

Vanquished Creatures
  An iguana (D:3)
  4 adders
  2 dart slugs (D:3)
  A ribbon worm (D:2)
  An orc (D:3)
  8 bats
  4 endoplasms
  5 giant cockroaches
  4 goblins
  4 hobgoblins
  A jackal (D:3)
  5 quokkas
  3 ball pythons (D:3)
  A frilled lizard (D:2)
  3 kobolds
  4 rats
51 creatures vanquished.

Notes
Turn   | Place    | Note
-------+----------+-------------------------------------------
     0 | D:1      | zenocrate the Vine Stalker Enchanter began the quest for
                  | the Orb.
     0 | D:1      | Reached XP level 1. HP: 9/9 MP: 4/4
   343 | D:1      | Reached skill level 1 in Short Blades
   378 | D:1      | Reached XP level 2. HP: 13/13 MP: 6/6
   381 | D:1      | Learned a level 2 spell: Ensorcelled Hibernation
   790 | D:2      | Reached skill level 4 in Stealth
   889 | D:2      | Reached skill level 1 in Ice Magic
   889 | D:2      | Reached XP level 3. HP: 16/16 MP: 1/7
   893 | D:2      | Learned a level 3 spell: Confusing Touch
  1487 | D:3      | Found a runed translucent gate.
  1487 | D:3      | Found a runed translucent gate.
  1491 | D:3      | Found a runed translucent gate.
  1499 | D:3      | Noticed coolio's ghost (amateur DsFi)
  1521 | D:3      | Reached XP level 4. HP: 19/21 MP: 5/8
  1634 | D:3      | Found Cores's Distillery.
  2235 | D:3      | Reached XP level 5. HP: 20/24 MP: 4/9
  2239 | D:3      | Learned a level 3 spell: Tukima's Dance
  2342 | D:3      | Found a runed translucent door.
  2343 | D:3      | Noticed Crazy Yiuf
  2598 | D:3      | Slain by Crazy Yiuf

Illustrated notes

Levels and vault maps discovered:
D:1:      dpeg_arrival_water_temple_mockup, layout_basic,
          minmay_stone_trees_medium, amcnicky_mini_corridor_feature
D:2:      layout_basic, minivault_26
D:3:      layout_loops_ring, gammafunk_ghost_necromancy, serial_shops, shop,
          minmay_joined_circles, uniq_crazy_yiuf_cottage

Skill      XL: |  1  2  3  4 |
---------------+-------------+-----
Short Blades   | 1 |  1.9
Stealth        | 4 |  4.3
Ice Magic      | 1 2 |  2.2
Dodging        | 2 |  2.3
Spellcasting   | |  2.1
Hexes          | |  3.5

Action                     |  1- 3 |  4- 6 || total
---------------------------+-------+-------++-------
  Melee: Dagger            |    59 |    64 ||   123
         Bite              |    14 |     9 ||    23
         Punch             |     3 |     1 ||     4
   Cast: Ensorcelled Hiber |     9 |    13 ||    22
    Use: Scroll            |     1 |       ||     1
   Stab: Sleeping          |     9 |    10 ||    19
         Distracted        |       |     1 ||     1
 Armour: Robe              |    21 |    37 ||    58
  Dodge: Dodged            |    29 |    40 ||    69
